 Dungeon Crawl Stone Soup version 0.23-a0-182-g58cdd98 (webtiles) character file.

227 Amnesiac the Cutter (level 5, -5/41 HPs)
             Began as a Mummy Monk on Sept 20, 2018.
             Slain by Purgy (6 damage)
             ... on level 4 of the Dungeon.
             The game lasted 00:02:05 (1068 turns).

Amnesiac the Cutter (Mummy Monk)                    Turns: 1068, Time: 00:02:06

Health: -5/41      AC:  6    Str: 15    XL:     5   Next: 70%
Magic:  5/5        EV:  7    Int: 10    God:
Gold:   93         SH:  7    Dex: 14    Spells: 4/4 levels left

rFire    x . .     SeeInvis .   a - +2 rapier (speed)
rCold    + . .     Gourm    .   e - +0 shield
rNeg     + + +     Faith    .   d - +0 scale mail
rPois    ∞         Spirit   .   (no helmet)
rElec    .         Reflect  .   (no cloak)
rCorr    .         Harm     .   (no gloves)
MR       .....                  (no boots)
Stlth    +.........             (no amulet)
HPRegen  0.13/turn              h - ring of stealth
MPRegen  0.09/turn              (no ring)

@: no status effects
A: no food or potions, fire vulnerability, cold resistance 1, negative energy
resistance 3, torment resistance, unbreathing
a: no special abilities


You were on level 4 of the Dungeon.
You were not hungry.

You visited 1 branch of the dungeon, and saw 5 of its levels.

You collected 93 gold pieces.

Inventory:

Hand Weapons
 a - a +2 rapier of speed (weapon)
Armour
 b - a +0 robe
 d - a +0 scale mail (worn)
 e - a +0 shield (worn)
Jewellery
 h - a ring of stealth (left hand)
Scrolls
 c - 3 scrolls of identify {!r, unknown}
 f - a scroll of teleportation {!r, unknown}
 g - a scroll of remove curse {!r, unknown}


   Skills:
 - Level 3.0 Fighting
 + Level 5.4 Short Blades
 - Level 2.4 Dodging
 - Level 1.5 Stealth


You had 4 spell levels left.
You didn't know any spells.
Your spell library was empty.

Dungeon Overview and Level Annotations

Branches:
Dungeon (5/15)
 Temple: D:4-7

Altars:
Hepliaklqana
Nemelex Xobeh

Annotations:
D:4 Edmund, Purgy


Innate Abilities, Weirdness & Mutations

You do not eat or drink.
Your flesh is vulnerable to fire.
You are immune to poison.
Your flesh is cold resistant. (rC+)
You are immune to negative energy. (rN+++)
You are immune to unholy pain and torment.
You can survive without breathing.


Message History

You puncture Purgy!
Purgy is severely wounded.
Purgy barely misses you. Purgy claws you but does no damage. x2
You hit Purgy.
Purgy is severely wounded.
Purgy bites you.
* * * LOW HITPOINT WARNING * * *
You block Purgy's attack. Purgy claws you.
* * * LOW HITPOINT WARNING * * *
You are too injured to fight recklessly!
You are too injured to fight recklessly!
You are too injured to fight recklessly!
You are too injured to fight recklessly!
You are too injured to fight recklessly!
You are too injured to fight recklessly!
You are too injured to fight recklessly!
You hit Purgy.
Purgy is severely wounded.
You closely miss Purgy.
Purgy is severely wounded.
Purgy bites you.
* * * LOW HITPOINT WARNING * * *
Purgy barely misses you. You block Purgy's attack.
Unknown command.
You barely miss Purgy.
Purgy is severely wounded.
Purgy barely misses you. Purgy claws you but does no damage. x2
Unknown command.
You puncture Purgy!
Purgy is almost dead.
Unknown command.
You closely miss Purgy.
Purgy is almost dead.
Purgy bites you but does no damage. Purgy barely misses you.
Purgy closely misses you.
Unknown command.
You hit Purgy.
Purgy is almost dead.
You block Purgy's attack. Purgy claws you but does no damage.
Purgy completely misses you.
Unknown command.
You closely miss Purgy.
Purgy is almost dead.
Unknown command.
Your shield and scale mail prevent you from hitting Purgy.
Purgy is almost dead.
Purgy bites you.
* * * LOW HITPOINT WARNING * * *
Purgy barely misses you. Purgy claws you but does no damage.
Unknown command.
You miss Purgy.
Purgy is almost dead.
Purgy barely misses you. You block Purgy's attack. Purgy claws you.
* * * LOW HITPOINT WARNING * * *
Unknown command.
You hit Purgy but do no damage.
Purgy is almost dead.
Purgy bites you but does no damage. Purgy barely misses you.
Purgy claws you but does no damage.
Unknown command.
You hit Purgy.
Purgy is almost dead.
Purgy bites you.
You die...

#######
#######.....##
##.....#......##
##..............##
#................#
#>.........T.....#
#.........@......#
#................#
#................#
...................
....................
#####.....#.........
####....#.......
###..#.......
#....#..........


You could see Purgy.

Vanquished Creatures
  A phantom (D:5)
  A scorpion (D:4)
  A centaur zombie (D:5)
  A howler monkey skeleton (D:5)
  4 adders
  A shadow imp (D:5)
  A giant cockroach (D:3)
  3 goblins (D:2)
  2 hobgoblins (D:2)
  A quokka (D:2)
  3 rats (D:2)
19 creatures vanquished.

Notes
Turn   | Place    | Note
-------+----------+-------------------------------------------
     0 | D:1      | Amnesiac the Mummy Monk began the quest for the Orb.
     0 | D:1      | Reached XP level 1. HP: 18/18 MP: 1/1
   178 | D:3      | Noticed Purgy
   191 | D:2      | Reached skill level 3 in Short Blades
   191 | D:2      | Reached XP level 2. HP: 24/24 MP: 2/2
   478 | D:2      | Reached XP level 3. HP: 19/29 MP: 3/3
   529 | D:4      | Noticed Edmund
   535 | D:4      | Found a hazy altar of Hepliaklqana.
   536 | D:4      | Found a sparkling altar of Nemelex Xobeh.
   551 | D:5      | Entered Level 5 of the Dungeon
   599 | D:5      | Reached skill level 4 in Short Blades
   599 | D:5      | Reached XP level 4. HP: 16/35 MP: 4/4
   792 | D:5      | Noticed a phantom
   837 | D:5      | Killed a phantom
   837 | D:5      | Reached skill level 5 in Short Blades
   837 | D:5      | Reached XP level 5. HP: 17/41 MP: 5/5
  1066 | D:4      | HP: 1/41 [Purgy (3)]
  1068 | D:4      | Slain by Purgy

Vault maps used:
D:1:      dpeg_arrival_snail, serial_corexii_hall, corexii_hall_statues_i,
          corexii_hall_statues_l, hangedman_decor_clover_reticule
D:2:      lemuel_blue_sif_altar, first_ration, minmay_misc_feat_encased
D:3:      lemuel_doored_altar, nicolae_gozag_cash_rules_everything_around_me,
          uniq_purgy, uniq_terence
D:4:      gammafunk_temple_overflow_statue, serial_shops, shop, uniq_edmund
D:5:      basic_altar, roderic_roman_lattice, uniq_grinder, uniq_prince_ribbit1

Skill      XL: |  1  2  3  4 |
---------------+-------------+-----
Short Blades   | 3 4 5 |  5.4
Fighting       | |  3.0
Dodging        | |  2.4
Stealth        | |  1.5

Action                   |  1- 3 |  4- 6 || total
-------------------------+-------+-------++-------
Melee: Short sword       |    45 |       ||    45
       Rapier            |    39 |    69 ||   108
Armor: Scale mail        |    36 |    22 ||    58
Dodge: Dodged            |    36 |    26 ||    62
Block: Shield            |    15 |    14 ||    29

Table legend:
 A = Non-vault XP
 B = Vault XP
 C = Vault XP percentage of total XP
 D = Non-vault monster count
 E = Vault monster count
 F = Vault count percentage of total count
                 A         B        C        D         E       F
            +---------+---------+-------+---------+---------+-------
      Total |     325 |       0 |   0.0 |      19 |       0 |   0.0
            +---------+---------+-------+---------+---------+-------
        D:2 |      55 |       0 |   0.0 |      12 |       0 |   0.0
        D:3 |       2 |       0 |   0.0 |       1 |       0 |   0.0
        D:4 |      67 |       0 |   0.0 |       1 |       0 |   0.0
        D:5 |     201 |       0 |   0.0 |       5 |       0 |   0.0
            +---------+---------+-------+---------+---------+-------
